 Dungeon Crawl Stone Soup version 0.19.0-19-g8c6edcc (webtiles) character file.

32 Chiseanne the Ducker (level 3, -3/28 HPs)
             Began as a Spriggan Monk on Nov 13, 2016.
             Killed from afar by Natasha (7 damage)
             ... with a magic dart
             ... on level 2 of the Dungeon.
             The game lasted 00:01:28 (1348 turns).

Chiseanne the Ducker (Spriggan Monk)                Turns: 1348, Time: 00:01:29

Health: -3/28      AC:  2    Str: 13    XL:     3   Next: 10%
Magic:  4/4        EV: 21    Int: 11    God:
Gold:   33         SH:  0    Dex: 18    Spells: 0 memorised, 2 levels left

rFire  . . .     SeeInvis +     a - +0 falchion
rCold  . . .     Gourm    .     b - +0 robe
rNeg   . . .     Faith    .     (shield restricted)
rPois  .         Spirit   .     (helmet restricted)
rElec  .         Reflect  .     (no cloak)
rCorr  .         Harm     .     (gloves unavailable)
MR     .....                    (boots unavailable)
Stlth  ..........               (no amulet)
                                (no ring)
                                (no ring)

@: berserking, very quick
A: unfitting armour, see invisible, herbivore 3, speed 3, slow metabolism 2
a: no special abilities


You were on level 2 of the Dungeon.
You were not hungry.

You visited 1 branch of the dungeon, and saw 2 of its levels.

You collected 33 gold pieces.

Inventory:

Hand Weapons
 a - a +0 falchion (weapon)
Missiles
 j - 18 stones (quivered)
 k - 4 needles of sleeping
Armour
 b - a +0 robe (worn)
Scrolls
 e - a scroll of teleportation {unknown}
 f - 2 scrolls of amnesia {unknown}
 g - a scroll of identify {unknown}
 h - a scroll of recharging {unknown}
 i - 2 scrolls of remove curse {unknown}
 l - a scroll of enchant armour {unknown}
Potions
 n - a potion of mutation {unknown}
Comestibles
 c - 3 bread rations
 d - a slice of pizza


   Skills:
 + Level 2.7 Fighting
 * Level 2.9 Long Blades
 + Level 5.0 Dodging
 - Level 3.0 Stealth


You had 2 spell levels left.
You didn't know any spells.

Dungeon Overview and Level Annotations

Branches:
Dungeon (2/15)

Altars:

Annotations:
D:2 Natasha


Innate Abilities, Weirdness & Mutations

You are very small and have problems with some larger weapons.
You are too small for most types of armour.
You have supernaturally acute eyesight. (SInv)
You are a herbivore.
You cover ground extremely quickly.
You need consume almost no food.


Message History

A red film seems to cover your vision as you go berserk!
You feel yourself moving faster!
You feel mighty! The bat barely misses you.
You riposte.
You miss the bat. Natasha claws you.
* * * LOW HITPOINT WARNING * * *
You barely miss Natasha.
Natasha is moderately wounded.
The bat closely misses you. Natasha casts a spell at you.
You resist with some effort.
You barely miss Natasha.
Natasha is moderately wounded.
Natasha completely misses you. The bat hits you.
* * * LOW HITPOINT WARNING * * *
You barely miss Natasha.
Natasha is moderately wounded.
The bat completely misses you.
You riposte.
You slash the bat!
You kill the bat!
Natasha casts a spell at you. The magic dart hits you!
You die...

#..######. #.........
... . #.#######. .. .
#.# ##+# .#.## #.#
##...## #.#.. ..#
##.....## #...#### ###
##.......###........
.####.........#.#l....##
....+.........'.@h...?..
.####.........#.#†....##
## #.......###..#..## #
##.....## #....# ##...##
...... ##'## ###.### ###
#.#### .# #####.###....#
# #............#


You could see Natasha and a leopard gecko.

Vanquished Creatures
  A worm (D:2)
  A dart slug (D:1)
  A leopard gecko (D:1)
  A ball python (D:1)
  2 bats
  2 giant cockroaches (D:1)
  6 goblins (D:1)
  3 hobgoblins (D:1)
  3 kobolds (D:1)
  A frilled lizard (D:1)
  3 rats (D:1)
24 creatures vanquished.

Notes
Turn   | Place    | Note
-------+----------+-------------------------------------------
     0 | D:1      | Chiseanne the Spriggan Monk began the quest for the Orb.
     0 | D:1      | Reached XP level 1. HP: 11/11 MP: 2/2
   413 | D:1      | Reached XP level 2. HP: 9/16 MP: 3/3
   627 | D:1      | Reached skill level 5 in Dodging
  1042 | D:1      | Reached XP level 3. HP: 19/19 MP: 4/4
  1339 | D:2      | Noticed Natasha
  1348 | D:2      | Killed from afar by Natasha

Skill      XL: |  1  2 |
---------------+-------+-----
Dodging        | 5 |  5.0
Fighting       | |  2.7
Long Blades    | |  2.9
Stealth        | |  3.0

Action                   || total
-------------------------++-------
Melee: Falchion          ||    71
  Use: Potion            ||     1
 Stab: Sleeping          ||     4
Armor: Robe              ||     1
Dodge: Dodged            ||    64
       Rpst.: Falchion   ||    21
